 Dungeon Crawl Stone Soup version 0.18.1-50-g88ac8fd (webtiles) character file.

43 Elvenhound the Shooter (level 3, 0/28 HPs)
             Began as a Centaur Arcane Marksman on Oct 2, 2016.
             Slain by an adder (1 damage)
             ... on level 2 of the Dungeon.
             The game lasted 00:05:35 (1159 turns).

Elvenhound the Shooter (Centaur Arcane Marksman)    Turns: 1159, Time: 00:05:35

Health: 0/28       AC:  4    Str: 14    XL:     3   Next: 37%
Magic:  12/13      EV:  9    Int: 12    God:
Gold:   32         SH:  0    Dex:  8    Spells: 1 memorised, 3 levels left

rFire  . . .     SeeInvis .     a - +0 shortbow
rCold  . . .     Gourm    .     b - +0 robe
rNeg   . . .     Faith    .     (shield currently unavailable)
rPois  .         Spirit   .     (no helmet)
rElec  .         Dismiss  .     (no cloak)
rCorr  .         Reflect  .     (no gloves)
SustAt .         Harm     .     (no barding)
MR     .....                    (no amulet)
Stlth  +.........               (no ring)
                                e - ring of magical power

@: lethally poisoned (0 -> -9), very quick, not resistant to hostile
enchantments, very unstealthy
A: hooves 3, deformed body, speed 2, tough skin 3
a: no special abilities


You were on level 2 of the Dungeon.
You were not hungry.

You visited 1 branch of the dungeon, and saw 2 of its levels.

You collected 32 gold pieces.

Inventory:

Hand Weapons
 a - a +0 shortbow (weapon)
Missiles
 d - 4 arrows (quivered)
Armour
 b - a +0 robe (worn)
Jewellery
 e - a ring of magical power (left hand)
Scrolls
 i - 2 scrolls of magic mapping
 k - a scroll of teleportation
 l - a scroll of identify
Potions
 j - a potion of ambrosia {unknown}
Books
 c - a book of Debilitation

   Spells                             Type                      Level
   a - Corona                         Hexes                        1
   b - Slow                           Hexes                        2
   c - Gell's Gravitas                Hexes/Translocation          3
   d - Inner Flame                    Hexes/Fire                   3
   e - Cause Fear                     Hexes                        4
   f - Leda's Liquefaction            Hexes/Earth                  4
Comestibles
 f - a bread ration
 g - a meat ration
 h - 2 fruits


   Skills:
 + Level 1.0 Fighting
 + Level 4.0 Bows
 + Level 1.6 Dodging
 + Level 1.1 Spellcasting
 + Level 3.1 Hexes


You had 3 spell levels left.
You knew the following spells:

 Your Spells              Type           Power        Failure   Level  Hunger
a - Corona                Hex            #......      12%         1    ##.....


Dungeon Overview and Level Annotations

Branches:
Dungeon (2/15)

Altars:


Innate Abilities, Weirdness & Mutations

You have hooves in place of feet.
Armour fits poorly on your strangely shaped body.
You cover ground very quickly.
You have extremely tough skin (AC +3).


Message History

Aim: an adder (severely wounded, chance to defeat MR: 51%)
The adder is outlined in light.
You feel sick. The adder bites you.
* * * LOW HITPOINT WARNING * * *
Firing (i - inventory):
d - 6 arrows (quivered)
Press: ? - help, Shift-Dir - straight line, f/p - adder
Aim: an adder (severely wounded, softly glowing)
You shoot an arrow.
The arrow hits the adder but does no damage.
The adder is severely wounded.
The adder barely misses you. The adder bites you.
* * * LOW HITPOINT WARNING * * *
You are more poisoned.
The adder poisons you!
Firing (i - inventory):
d - 5 arrows (quivered)
Press: ? - help, Shift-Dir - straight line, f/p - adder
Aim: an adder (severely wounded, softly glowing)
You shoot an arrow. The arrow closely misses the adder.
* * * LOW HITPOINT WARNING * * *
You feel sick. The adder bites you.
You die...

###.###.##
###.#........####.##
#.#.#####..##.....
#.#.# #..##.....
###.#.## #..##....#
## #......#
#........# ..
#.#.#..#####.##.##.#
##
#.#.#.†.........##.#
#.#.#....###.#####.#
#(S@.........# #..
.....((.######.#####
.. #######.# #.. #..
#### #.# #.# #.. ###


You could see an adder.

Vanquished Creatures
  2 oozes (D:1)
  2 giant geckos (D:1)
  3 giant cockroaches
  6 goblins
  4 hobgoblins
  6 kobolds
  A quokka (D:2)
  2 ball pythons
  A bat (D:1)
  A rat (D:2)
28 creatures vanquished.

Notes
Turn   | Place    | Note
--------------------------------------------------------------
     0 | D:1      | Elvenhound the Centaur Arcane Marksman began the quest for the Orb.
     0 | D:1      | Reached XP level 1. HP: 16/16 MP: 2/2
   120 | D:1      | Reached skill level 3 in Bows
   191 | D:1      | Reached XP level 2. HP: 19/23 MP: 1/3
   593 | D:1      | Reached XP level 3. HP: 28/28 MP: 4/4
  1114 | D:2      | Reached skill level 4 in Bows
  1159 | D:2      | HP: 1/28 [poisoned by an adder]
  1159 | D:2      | Slain by an adder

Skill      XL: |  1  2  3 |
---------------+----------+-----
Bows           | 3 4 |  4.0
Hexes          | 3 |  3.1
Fighting       | |  1.0
Dodging        | |  1.6
Spellcasting   | |  1.1

Action                   || total
-------------------------++-------
 Fire: Shortbow          ||    97
 Cast: Corona            ||    11
  Use: Scroll            ||     5
       Potion            ||     2
Armor: Robe              ||    15
Dodge: Dodged            ||    19
